 Dungeon Crawl Stone Soup version 0.32-a0-868-g153ae1a8d6 (webtiles) character file.

Game seed: 18325877539576280229

1413756 TheMeInTeam the Skinwalker (level 25, 196/196 HPs)
             Began as a Felid Delver on Mar 28, 2024.
             Was a Priest of Sif Muna.
             Escaped with the Orb
             ... and 3 runes on Mar 29, 2024!
             The game lasted 04:25:08 (97302 turns).

TheMeInTeam the Skinwalker (Felid Delver)          Turns: 97302, Time: 04:25:09

Health: 196/196    AC: 37    Str: 12    XL:     25   Next: 77%
Magic:  45/45      EV: 53    Int: 11    God:    Sif Muna [***...]
Gold:   4267       SH:  0    Dex: 35    Spells: 33/36 levels left
                                        Lives:  2   Deaths: 2

rFire   + .          .
                       - Unarmed
rCold   + . .        (shield unavailable)
rNeg    + . .        (body armour unavailable)
rPois   ∞            (helmet unavailable)
rElec   +            (cloak unavailable)
rCorr   +            (gloves unavailable)
SInv    +            (boots unavailable)
Will    +++++        k - amulet "Xiegagh" {Spirit rElec Str+4 Int-4}
Stlth   ++           c - ring of Divine Intervention {rF+ Will+ rCorr MP+9, =R}
HPRegen 0.52/turn    S - ring of Egalitarianism {+Blink rC+ Dex+6}
MPRegen 0.29/turn

%: guardian spirit
@: statue-form, very slow
A: slow and powerful, torment resistance 1, boosted hp, very small, claws 1,
fangs 3, see invisible, (shaggy fur 3), stealthy paws, no weapons or thrown
items, no armour, multi-lived, (iridescent scales 1), strong-willed 1
0: Orb of Zot
}: 3/15 runes: decaying, slimy, gossamer
a: Begin Untransformation, Renounce Religion, Evoke Blink, Channel Magic, Forget
Spell


You escaped.
You worshipped Sif Muna.
Sif Muna was most pleased with you.
You were a living statue of rough stone.
You visited 10 branches of the dungeon, and saw 51 of its levels.
You visited the Abyss 1 time.
You visited 1 bazaar.
You also visited: Gauntlet and Volcano.

You collected 6083 gold pieces.
You spent 1816 gold pieces at shops.

Inventory:

Jewellery
 c - the ring of Divine Intervention (left paw) {rF+ Will+ rCorr MP+9, =R}
   (You took it off a deep elf death mage on level 3 of the Elven Halls)

   [ring of magical power]

   rF+:       It protects you from fire.
   Will+:     It increases your willpower.
   MP+9:      It affects your magic capacity (+9).
   rCorr:     It protects you from acid and corrosion.
 h - a ring of flight
 k - the amulet "Xiegagh" (around neck) {Spirit rElec Str+4 Int-4}
   (You took it off a deep elf annihilator on level 3 of the Elven Halls)

   [amulet of guardian spirit]

   Spirit:    It causes incoming damage to be divided between your reserves of
   health and magic.
   Str+4:     It affects your strength (+4).
   Int-4:     It affects your intelligence (-4).
   rElec:     It insulates you from electricity.
 r - the ring of Fuethy {rPois Will+ AC+4 SInv}
   (You found it on level 3 of the Depths)

   [ring of protection]

   AC+4:      It affects your AC (+4).
   rPois:     It protects you from poison.
   Will+:     It increases your willpower.
   SInv:      It lets you see invisible.
 x - a ring of positive energy
 K - the ring of Gumuy {rC+ Will+ Int+2 Dex+3}
   (You found it on level 3 of the Depths)

   [ring of willpower]

   Int+2:     It affects your intelligence (+2).
   Dex+3:     It affects your dexterity (+3).
   rC+:       It protects you from cold.
   Will+:     It increases your willpower.
 S - the ring of Egalitarianism (right paw) {+Blink rC+ Dex+6}
   (You took it off a deep elf annihilator on level 3 of the Elven Halls)

   [ring of dexterity]

   Dex+6:     It affects your dexterity (+6).
   rC+:       It protects you from cold.
   +Blink:    It lets you blink.
Talismans
 d - a granite talisman (active)
 z - a dragon-blood talisman
 Q - the serpent talisman of Amorality {rElec rC+}
   (You took it off Aizul on level 1 of the Elven Halls)

   [serpent talisman]

   rC+:       It protects you from cold.
   rElec:     It insulates you from electricity.
Wands
 l - a wand of mindburst (36)
 E - a wand of polymorph (18)
 H - a wand of charming (25)
 I - a wand of iceblast (25)
 J - a wand of acid (10)
 R - a wand of digging (4)
 V - a wand of flame (18)
Scrolls
 a - 5 scrolls of vulnerability
 i - a scroll of summoning
 m - 4 scrolls of torment
 p - 3 scrolls of revelation
 y - 7 scrolls of poison
 B - 27 scrolls of identify
 N - 5 scrolls of amnesia
 O - 3 scrolls of teleportation
 T - 3 scrolls of fear
Potions
 e - 5 potions of mutation
 g - 4 potions of brilliance
 n - 6 potions of cancellation
 o - 6 potions of ambrosia
 q - 6 potions of enlightenment
 s - 3 potions of magic
 t - 4 potions of attraction
 u - 10 potions of curing
 v - 5 potions of invisibility
 w - 6 potions of lignification
 C - a potion of haste
Miscellaneous
 b - a Gell's gravitambourine (1/2)
 F - a condenser vane (inert)


   Skills:
 + Level 21.8 Fighting
 - Level 22.0 Dodging
 - Level 10.0 Stealth
 - Level 20.0 Unarmed Combat
 - Level 6.0 Spellcasting
 - Level 4.0 Conjurations
 - Level 16.0 Invocations
 - Level 10.0 Evocations
 * Level 24.6 Shapeshifting


You had 33 spell levels left.
You knew the following spells:

 Your Spells              Type           Power      Damage    Failure   Level
a - Magic Dart            Conj           48%        1d5       3%          1
f - Jinxbite              Hex            6%         N/A       28%         2

Your spell library contained the following spells:

 Spells                   Type           Power      Damage    Failure   Level
 Searing Ray              Conj           24%        2d5       5%          2
 Foxfire                  Conj/Fire      28%        2x1d5     9%          1
 Kiss of Death            Conj/Necr      28%        2d7       9%          1
 Sting                    Conj/Alch      28%        1d4       9%          1
 Momentum Strike          Conj/Tloc      14%        3d8       13%         2
 Static Discharge         Conj/Air       14%        3-4/arc   13%         2
 Apportation              Tloc           6%         N/A       19%         1
 Freeze                   Ice            12%        1d3       19%         1
 Necrotise                Necr           12%        1d4       19%         1
 Sandblast                Erth           6%         2d5       19%         1
 Summon Small Mammal      Summ           12%        N/A       19%         1
 Dazzling Flash           Conj/Hex       14%        N/A       26%         3
 Hailstorm                Conj/Ice       7%         3d5       26%         3
 Stone Arrow              Conj/Erth      14%        3d7       26%         3
 Blink                    Tloc           6%         N/A       28%         2
 Call Imp                 Summ           6%         N/A       28%         2
 Cigotuvi's Dreadful Rot  Necr/Alch/Air  6%         N/A       28%         2
 Ensorcelled Hibernation  Hex/Ice        6%         N/A       28%         2
 Lesser Beckoning         Tloc           6%         N/A       28%         2
 Mephitic Cloud           Conj/Alch/Air  6%         N/A       34%         3
 Call Canine Familiar     Summ           3%         N/A       50%         3
 Frozen Ramparts          Ice            6%         1d1       50%         3
 Fugue of the Fallen      Necr           3%         N/A       50%         3
 Ozocubu's Armour         Ice            3%         N/A       50%         3
 Sigil of Binding         Hex            3%         N/A       50%         3
 Summon Ice Beast         Ice/Summ       3%         N/A       50%         3
 Swiftness                Air            3%         N/A       50%         3
 Teleport Other           Tloc           3%         N/A       50%         3
 Tukima's Dance           Hex            3%         N/A       50%         3
 Vampiric Draining        Necr           3%         2d6       50%         3
 Volatile Blastmotes      Fire/Tloc      6%         2d10      50%         3
 Brom's Barrelling Bould  Conj/Erth      7%         2d3       63%         4
 Flame Wave               Conj/Fire      7%         2d5       63%         4
 Fulminant Prism          Conj/Alch      3%         3d5       63%         4
 Iskenderun's Mystic Bla Conj/Tloc 7%             2d4        (+2d1     63%         4
 Iskenderun's Battlesphe  Conj           12%        2d7       71%         5
 Airstrike                Air            1%         2d(1-17)  88%         4
 Anguish                  Hex/Necr       1%         N/A       88%         4
 Animate Dead             Necr           3%         N/A       88%         4
 Cause Fear               Hex            1%         N/A       88%         4
 Dispel Undead            Necr           3%         3d7       88%         4
 Ignite Poison            Fire/Alch      3%         N/A       88%         4
 Leda's Liquefaction      Alch/Erth      1%         N/A       88%         4
 Martyr's Knell           Necr/Summ      3%         N/A       88%         4
 Maxwell's Portable Pile  Tloc           3%         2d(5-10)  88%         4
 Olgreb's Toxic Radiance  Alch           3%         N/A       88%         4
 Passage of Golubria      Tloc           3%         N/A       88%         4
 Petrify                  Alch/Erth      3%         N/A       88%         4
 Sticky Flame             Fire/Alch      3%         2d4       88%         4
 Summon Blazeheart Golem  Fire/Summ      3%         N/A       88%         4
 Summon Lightning Spire   Summ/Air       3%         N/A       88%         4
 Vhi's Electric Charge    Tloc/Air       6%         N/A       88%         4
 Arcjolt                  Conj/Air       3%         1d13      93%         5
 Fireball                 Conj/Fire      3%         3d4       93%         5
 Irradiate                Conj/Alch      3%         3d12      93%         5
 Freezing Cloud           Conj/Ice/Air   3%         6-21      97%         5
 Borgnjor's Vile Clutch   Necr/Erth      1%         N/A       99%         5
 Lee's Rapid Deconstruct  Erth           1%         3d4*      99%         5
 Metabolic Englaciation   Hex/Ice        1%         N/A       99%         5
 Summon Forest            Summ/Tloc      1%         N/A       99%         5
 Summon Mana Viper        Hex/Summ       3%         N/A       99%         5
 Yara's Violent Unravell  Hex/Alch       1%         3d3       99%         5
 Bombard                  Conj/Erth      3%         9d1       100%        6
 Conjure Ball Lightning   Conj/Air       3%         3x3d6     100%        6
 Dispersal                Tloc           1%         N/A       100%        6
 Permafrost Eruption      Ice/Erth       1%         2x4d2     100%        6
 Plasma Beam              Fire/Air       1%         2x1d11    100%        6
 Sculpt Simulacrum        Ice/Alch       1%         N/A       100%        6
 Starburst                Conj/Fire      3%         6d3       100%        6
 Summon Cactus Giant      Summ           1%         N/A       100%        6
 Enfeeble                 Hex            1%         N/A       100%        7
 Haunt                    Necr/Summ      1%         N/A       100%        7
 Malign Gateway           Summ/Tloc      1%         N/A       100%        7
 Manifold Assault         Tloc           1%         N/A       100%        7
 Monstrous Menagerie      Summ           1%         N/A       100%        7
 Orb of Destruction       Conj           6%         9d6       100%        7
 Ozocubu's Refrigeration  Ice            1%         4d7       100%        7
 Spellforged Servitor     Conj/Summ      3%         N/A       100%        7
 Summon Hydra             Summ           1%         N/A       100%        7
 Borgnjor's Revivificati  Necr           1%         N/A       100%        8
 Discord                  Hex            1%         N/A       100%        8
 Disjunction              Tloc           1%         N/A       100%        8
 Ignition                 Fire           1%         3d3       100%        8
 Infestation              Necr           1%         N/A       100%        8
 Lehudib's Crystal Spear  Conj/Erth      3%         10d3      100%        8
 Maxwell's Capacitive Co  Air            1%         ∞         100%        8
 Summon Horrible Things   Summ           1%         N/A       100%        8
 Dragon's Call            Summ           1%         N/A       100%        9
 Shatter                  Erth           1%         3d6*      100%        9
 Sublimation of Blood     Necr           Unusable   N/A       N/A         2
 Animate Armour           Summ/Erth      Unusable   N/A       N/A         4
 Dimensional Bullseye     Hex/Tloc       Unusable   N/A       N/A         4

Dungeon Overview and Level Annotations

Branches:
Dungeon (15/15)            Temple (0/1) D:6            Lair (5/5) D:10
  Swamp (4/4) Lair:3       Spider (4/4) Lair:3        Slime (5/5) Lair:4
    Orc (2/2) D:9             Elf (3/3) Orc:2        Vaults (4/5) D:13
  Crypt (0/3) Vaults:3     Depths (4/4) D:15            Zot (5/5) Depths:4
Volcano (visited)         Gauntlet (visited)

Altars:
Ashenzari
Elyvilon
Nemelex Xobeh
Sif Muna
Trog
Vehumet
Wu Jian
Yredelemnul
The Shining One
Beogh
Jiyva

Shops:
D:7 *   D:10 =   Orc:2 ([*=   Elf:1 [   Elf:2 :

Portals:
Hell: Depths:1 Depths:2 Depths:3 Depths:4
Abyss: Depths:1 Depths:3
Pandemonium: Depths:1 Depths:2 Depths:4
Ziggurat: Depths:1

Annotations:
D:14 4 transporters, AutarchDCSS's ghost, journeyman DrIE
Lair:1 3 runed translucent doors, exclusion: 3 doors, zenocrate's ghost, journeyman OpEE
Lair:3 2 transporters, Ted Jakhope's ghost, journeyman MfSh
Swamp:3 1 runed translucent door, exclusion: door, CrossHare's ghost, adept OnWr
Depths:3 3 runed translucent doors, exclusion: door, Jehehi's ghost, veteran DgCj


Innate Abilities, Weirdness & Mutations

You are a living statue of rough stone.
Your actions are slow, but your melee attacks are powerful.
You are resistant to unholy torment.
Your maximum health is greatly increased.
You are immune to poison.
You have sharp claws.
You have razor-sharp teeth.
You have supernaturally acute eyesight. (SInv)
((Your thick and shaggy fur keeps you warm. (AC +3, rC+)))
Your paws help you pounce on unaware monsters.
You are incapable of wielding weapons or throwing items.
You cannot wear armour.
You gain extra lives every three experience levels.
((You are partially covered in iridescent scales. (AC +2)))
You are strong-willed. (Will+)


Message History

A hellwing comes into view.
You see here a +0 trident.
The hellwing completely misses you. x2
You eviscerate the hellwing!!!
You kill the hellwing!
Sif Muna accepts your kill.
A hellwing comes into view.
The hellwing completely misses you. x2
A smoke demon comes into view.
You eviscerate the hellwing!!!
You kill the hellwing!
Sif Muna accepts your kill.
A hellwing comes into view.
You eviscerate the smoke demon!!!
You kill the smoke demon!
Sif Muna accepts your kill.
You barely miss the hellwing. You claw the hellwing!
The hellwing is lightly wounded.
The hellwing hits you but does no damage.
The hellwing closely misses you.
You barely miss the hellwing. You claw the hellwing!
The hellwing is heavily wounded.
The hellwing completely misses you. x2
You barely miss the hellwing.
You bite the hellwing, but do no damage.
The hellwing is heavily wounded.
The hellwing completely misses you. The hellwing misses you.
You scratch the hellwing but do no damage.
You bite the hellwing!
The hellwing is severely wounded.
The hellwing completely misses you. x2
You scratch the hellwing but do no damage.
The hellwing is severely wounded.
You mangle the hellwing!!
You kill the hellwing!
Sif Muna accepts your kill.
An Orb Guardian comes into view.
The Orb Guardian completely misses you.
You eviscerate the Orb Guardian!!!
The Orb Guardian is heavily wounded.
The Orb Guardian completely misses you.
You mangle the Orb Guardian!! You claw the Orb Guardian!!
You kill the Orb Guardian!
Sif Muna accepts your kill.
No target in view!
No target in view!
A Hell Sentinel comes into view.
There is a stone staircase leading up here.
The Hell Sentinel gestures at you.
The sphere of damnation explodes!
The damnation engulfs you!!!
You climb upwards.
There is a stone staircase leading down here.
A daeva comes into view.
It is wielding a +4 long sword of holy wrath.
The daeva calls down the wrath of the Shining One upon you.
The Shining One smites you!
You eviscerate the daeva!!!
The daeva is heavily wounded.
The daeva completely misses you. The daeva closely misses you.
The daeva blocks your attack.
The daeva is heavily wounded.
The daeva completely misses you. x2
The daeva blocks your attack.
You bite the daeva, but do no damage.
The daeva is heavily wounded.
The daeva calls down the wrath of the Shining One upon you.
The Shining One smites you! The daeva blocks your attack.
Your claw misses the daeva. You bite the daeva, but do no damage.
The daeva is heavily wounded.
The daeva hits you with a +4 long sword of holy wrath.
The daeva completely misses you.
You eviscerate the daeva!!!
You kill the daeva!
Sif Muna accepts your kill.
No target in view!
No target in view!
Things that are here:
a +4 long sword of holy wrath; a +0 tower shield Magic restored.
You see here an iguana skeleton.
There is a stone staircase leading up, spattered with blood here.
You climb upwards.
There is a stone staircase leading down here.
Things that are here:
a +0 giant club; a ball python skeleton
There is a stone staircase leading up, spattered with blood here.
You climb upwards.
There is a stone staircase leading down here.
Items here: )) [ ÷.
There is a stone staircase leading up here.
You climb upwards.
There is a stone staircase leading down here.
An Orb Guardian comes into view.
You see here a +0 club.
There is a stone staircase leading up here.
You closely miss the Orb Guardian.
You claw the Orb Guardian, but do no damage.
The Orb Guardian completely misses you.
You closely miss the Orb Guardian.
You claw the Orb Guardian, but do no damage.
Your bite misses the Orb Guardian.
The Orb Guardian completely misses you. x2
You eviscerate the Orb Guardian!!! You claw the Orb Guardian!
You bite the Orb Guardian, but do no damage.
The Orb Guardian is almost dead.
The Orb Guardian barely misses you.
You barely miss the Orb Guardian. Your claw misses the Orb Guardian.
You bite the Orb Guardian, but do no damage.
The Orb Guardian is almost dead.
The Orb Guardian completely misses you.
You claw the Orb Guardian!
The Orb Guardian is almost dead.
The Orb Guardian completely misses you. The Orb Guardian barely misses you.
You scratch the Orb Guardian but do no damage.
You bite the Orb Guardian, but do no damage.
The Orb Guardian is almost dead.
The Orb Guardian barely misses you.
You mangle the Orb Guardian!!
You kill the Orb Guardian!
Sif Muna accepts your kill.
An Orb Guardian comes into view.
You climb upwards.
There is a stone staircase leading down here.
A blizzard demon comes into view.
The blizzard demon gestures at you. The bolt of lightning misses you.
The blizzard demon gestures at you. The bolt of lightning misses you.
Aiming: Dig
Press: ? - help, Shift-Dir - straight line A rock wall.
This square is covered in magical glow.
The rock shatters into small pieces.
A sun demon comes into view.
A balrug and a sun demon come into view.
The balrug is wielding a +1 vampiric demon whip.
The sun demon shouts!
You scratch the blizzard demon.
The blizzard demon is lightly wounded.
The blizzard demon waves its arms in wide circles.
The air twists around and strikes you!!
You closely miss the blizzard demon.
The blizzard demon is lightly wounded.
You eviscerate the blizzard demon!!!!
You kill the blizzard demon!
Sif Muna accepts your kill.
You closely miss the sun demon.
You bite the sun demon, but do no damage.
The sun demon completely misses you.
You eviscerate the sun demon!!!
The sun demon is severely wounded.
The sun demon misses you.
You eviscerate the sun demon!!!
You kill the sun demon!
Sif Muna accepts your kill. The balrug gestures at you.
The bolt of fire hits the sun demon.
The sun demon completely resists.
The bolt of fire misses you.
You mangle the sun demon!! You bite the sun demon.
The sun demon is heavily wounded.
The sun demon completely misses you.
You scratch the sun demon. Your claw misses the sun demon.
Your bite misses the sun demon.
The sun demon is heavily wounded.
The balrug completely misses you. The sun demon completely misses you.
You scratch the sun demon but do no damage.
You claw the sun demon, but do no damage.
You bite the sun demon, but do no damage.
The sun demon is heavily wounded.
The balrug gestures at you. The bolt of fire misses you.
The sun demon completely misses you.
You barely miss the sun demon.
The sun demon is heavily wounded.
The balrug gestures at you. The bolt of fire misses you.
The sun demon completely misses you. The balrug hits you but does no damage.
The sun demon completely misses you.
You barely miss the sun demon.
You bite the sun demon, but do no damage.
The sun demon is heavily wounded.
The balrug completely misses you. The sun demon closely misses you.
You mangle the sun demon!!
You claw the sun demon, but do no damage.
You bite the sun demon.
You kill the sun demon!
Sif Muna accepts your kill. The balrug gestures at you.
The bolt of fire misses you.
You scratch the balrug but do no damage.
The balrug closely misses you.
You eviscerate the balrug!!! You claw the balrug.
The balrug is severely wounded.
The balrug gestures at you. Something smites you!
You mangle the balrug!!
You kill the balrug!
Sif Muna accepts your kill.
No target in view!
You see here a +1 vampiric demon whip.
There is a staircase leading out of the dungeon here.
You feel better.
You feel better.
You have escaped!

.....##.....## #.##.......#####
.....###.....## ###.....#.#####.
....#####.....## ##.....##....)..
...## #.##.....###.....###.......
.### ##..##.....#.....###...####.
######....##......)..##..........
##........###..>..........######.
#..###....# ##.....##.##### #...
..####....#####.I.###.# ###.##
.......##.##..#...# #.## ###.....
#..######.##.##...# #..###.)..###
...## #.##.##...# ##.....#>##
.#..## ##.##.##...####..#....#
.#...###...#..#...#....####..#
...#.##.......#...###### ##..##
...#.#........#...# ##....##
..............#...# #..##..#


There were no monsters in sight!

Vanquished Creatures
  6 orbs of fire
  2 dread liches (Zot:5)
  7 ancient liches (Zot:5)
  Mennas (Vaults:2)
  Josephina (Depths:2)
  Vv (Depths:2)
  Sojobo (Vaults:2)
  4 curse toes
  2 Killer Klowns (Zot:5)
  4 caustic shrikes (Depths:3)
  10 golden dragons
  Jory (Depths:2)
  A Tzitzimitl (Depths:3)
  3 electric golems
  A bone dragon (Abyss:2)
  20 tentacled monstrosities
  An Ice Fiend (D:15)
  21 acid blobs
  2 deep elf master archers (Elf:3)
  Mlioglotl (Swamp:4)
  Rupert (Lair:4)
  3 deep elf blademasters
  7 liches
  27 Orb Guardians
  3 quicksilver dragons
  6 death cobs
  Agnes (Elf:1)
  3 sphinxes
  2 thorn hunters
  2 shadow dragons
  4 fenstrider witches (Swamp:4)
  A tentacled starspawn (Abyss:2)
  3 tengu reavers
  17 storm dragons
  Aizul (Elf:1)
  5 protean progenitors
  4 draconian monks
  4 fire giants
  6 azure jellies
  8 rockslimes
  A daeva (D:5)
  5 deep elf sorcerers
  4 draconian shifters
  4 draconian knights
  9 vault wardens
  A balrug (D:1)
  5 emperor scorpions
  4 frost giants (Depths:3)
  A spectral caustic shrike (Depths:2)
  2 spectral juggernauts (Depths:2)
  5 ghost moths
  6 deep elf elementalists
  6 draconian scorchers
  A draconian stormcaller (Depths:4)
  2 draconian annihilators
  3 ghouls
  A reaper (Depths:1)
  A demonspawn corrupter (Depths:3)
  A juggernaut zombie (Abyss:2)
  10 stone giants
  8 formless jellyfish
  4 spriggan defenders
  14 very ugly things
  An ophan (Abyss:2)
  5 quicksilver oozes
  7 broodmothers
  8 ironbound thunderhulks
  3 vampire knights
  10 green draconians
  2 eleionomae
  13 ironbound preservers
  2 deep elf demonologists (Elf:3)
  12 black draconians
  2 lorocyprocas
  6 deep elf annihilators (Elf:3)
  9 dire elephants
  9 yellow draconians
  11 deep elf death magi
  7 bunyips
  A minotaur (Gauntlet)
  11 white draconians
  2 war gargoyles (Vaults:3)
  17 spark wasps
  3 purple draconians
  11 red draconians
  3 eidola (Depths:2)
  A blizzard demon (D:1)
  2 green deaths
  4 jiangshi (Depths:2)
  11 fire dragons
  11 yaktaur captains
  7 ettins
  2 spectral golden dragons (Depths:2)
  2 deep elf high priests
  6 entropy weavers
  A spriggan air mage (Depths:2)
  A peacekeeper (Vaults:3)
  A shambling mangrove (Swamp:4)
  3 rakshasas
  7 great orbs of eyes
  4 ghost crabs
  2 spriggan zombies
  9 ice dragons
  5 hydras
  3 hell beasts
  17 ironbound frosthearts
  5 ogre magi
  6 alligators
  A merfolk avatar (Lair:5)
  7 boulder beetles
  3 jorogumos
  3 vault guards
  A juggernaut simulacrum (Depths:2)
  A death knight (Abyss:2)
  7 radroaches
  5 death yaks
  13 two-headed ogres
  28 dancing weapons
  A two-headed ogre (shapeshifter) (Depths:3)
  14 centaur warriors
  3 deep troll earth magi (Depths:3)
  4 vampire magi (Depths:2)
  7 deep troll shamans
  2 tengu warriors (Depths:1)
  A titan zombie (Depths:1)
  The ghost of lunkers the Cleaver, a novice CoBe of Trog (D:8)
  4 orc high priests (Orc:2)
  6 demonic crawlers
  4 thrashing horrors (Abyss:2)
  A spectral storm dragon (Depths:2)
  3 occultists
  3 sun demons
  4 soul eaters
  3 spriggan berserkers
  13 deep elf knights
  3 skysharks
  A wretched star (Abyss:2)
  4 goliath frogs
  A shining eye (shapeshifter) (Depths:4)
  2 iron trolls
  2 sixfirhies
  Lodul (D:13)
  9 pharaoh ants
  A death drake (Swamp:4)
  46 deep trolls
  3 flayed ghosts
  2 mana vipers (shapeshifter)
  A sun moth (Spider:3)
  8 orb spiders
  7 arcanists
  4 spriggan druids
  9 phantasmal warriors
  2 sea snakes (Lair:5)
  A shock serpent (shapeshifter) (Vaults:4)
  2 tengu zombies
  10 deep elf archers
  6 glowing orange brains
  8 thermic dynamos
  2 shadow demons (Depths:3)
  5 bog bodies
  11 lindwurms
  A stone giant zombie (Depths:1)
  26 deep elf zephyrmancers
  4 swamp dragons
  An obsidian bat (Orc:1)
  A bunyip skeleton (Abyss:2)
  35 deep elf pyromancers
  2 harpies
  11 ironbound convokers
  3 necromancers
  49 ugly things
  7 orc sorcerers
  21 wolf spiders
  5 orc knights
  A sphinx simulacrum (Depths:2)
  4 shining eyes
  2 manticores (D:14)
  5 cyclopes
  2 elf skeletons (Vaults:4)
  A worldbinder (Abyss:2)
  5 kobold blastminers (Orc:2)
  9 meliai
  28 moths of wrath
  A fire giant skeleton (Depths:2)
  14 elephants
  2 eyes of devastation
  2 molten gargoyles (Volcano)
  3 black mambas
  11 vault sentinels
  A water nymph (D:15)
  An eye of devastation (shapeshifter) (Vaults:4)
  2 orange demons
  2 smoke demons
  4 torpor snails
  8 large abominations (Abyss:2)
  20 cane toads
  An efreet (Volcano)
  2 unseen horrors (D:12)
  A torpor snail (shapeshifter) (Vaults:4)
  A kobold demonologist (D:3)
  A komodo dragon (shapeshifter) (Elf:2)
  38 yaktaurs
  6 rime drakes
  A human zombie (Vaults:3)
  A tengu conjurer (Depths:2)
  8 komodo dragons
  A tormentor (Depths:2)
  2 freezing wraiths (Depths:2)
  An ancient zyme (Abyss:2)
  3 golden dragon simulacra (Depths:2)
  A spectral human (Depths:2)
  6 trolls
  A yaktaur skeleton (Vaults:3)
  6 hellwings
  9 tyrant leeches
  8 hornets
  3 polar bears
  25 tarantellas
  3 merfolk (Zot:4)
  A queen bee (shapeshifter) (D:13)
  A wind drake (Lair:5)
  4 dream sheep (Lair:4)
  4 raiju (Abyss:2)
  6 blink frogs
  A blink frog (shapeshifter) (Vaults:4)
  An elf zombie (Vaults:4)
  5 glass eyes
  A snapping turtle (Lair:5)
  A dream sheep (shapeshifter) (Vaults:4)
  An air elemental (Elf:2)
  2 fire giant simulacra (Depths:2)
  A frost giant simulacrum (Depths:2)
  33 jumping spiders
  Sigmund (D:5)
  74 slime creatures
  7 spriggans
  24 culicivoras
  61 yaks
  A centaur simulacrum (D:15)
  4 vampires
  2 shadows
  5 wyverns
  5 water elementals
  A ynoxinul (Abyss:2)
  11 golden eyes
  A hog (shapeshifter) (Vaults:4)
  4 basilisks
  5 fire bats
  3 starcursed masses (Abyss:2)
  44 redbacks
  7 fire elementals
  3 steam dragons
  19 vampire mosquitoes
  2 chaos spawn (Swamp:4)
  A yaktaur simulacrum (Vaults:3)
  20 swamp worms
  3 acid dragons
  2 glowing shapeshifter zombies (Depths:2)
  17 water moccasins
  3 swamp drakes
  2 black bears
  Duvessa (D:7)
  An ettin simulacrum (Vaults:3)
  2 sky beasts
  A black bear (shapeshifter) (Vaults:4)
  10 laughing skulls
  25 orc warriors
  21 ogres
  20 centaurs
  2 spriggan simulacra (Depths:2)
  10 wolves
  3 small abominations (Abyss:2)
  A kobold brigand (D:11)
  A weeping skull (Abyss:2)
  14 bullfrogs
  4 scorpions
  3 earth elementals
  Dowan (D:7)
  17 killer bees
  6 electric eels
  7 howler monkeys
  5 lava snakes (Volcano)
  2 gnoll boudas
  6 hounds
  4 jellies
  11 orc priests
  Crazy Yiuf (D:3)
  An iron imp (Abyss:2)
  2 iguanas
  Jessica (D:3)
  7 hell rats (Lair:5)
  18 orc wizards
  Natasha (thrice) (D:2)
  Robin (D:2)
  17 gnolls
  8 river rats (Lair:5)
  6 adders
  3 white imps
  2 ufetubi (Abyss:2)
  5 dart slugs
  2 ribbon worms
  77 orcs
  6 endoplasms
  6 giant cockroaches
  20 goblins
  8 hobgoblins
  A quokka (D:3)
  4 ball pythons
  5 bats (D:1)
  5 kobolds
  10 rats
2069 creatures vanquished.

Vanquished Creatures (collateral kills)
  A tentacled monstrosity (Swamp:4)
  A death cob (Zot:4)
  2 storm dragons (Zot:4)
  A formless jellyfish (Slime:4)
  An orc warlord (Orc:2)
  A black draconian (Zot:4)
  A green draconian (Zot:4)
  2 red draconians (Zot:4)
  An ogre mage (Orc:2)
  A deep elf knight (D:15)
  A deep elf archer (D:15)
  An elephant (D:15)
  A blink frog (Lair:2)
  A raiju (D:15)
  5 slime creatures (Slime:4)
  A jumping spider (Spider:3)
  2 yaks (Lair:2)
  A basilisk (Lair:2)
  An ogre (Orc:2)
  2 wolves (Lair:2)
28 creatures vanquished.

Vanquished Creatures (others)
  A bone dragon (Depths:4)
  An Orb Guardian (Zot:5)
  A ghost moth (Zot:3)
  A fire dragon (Depths:3)
  A blizzard demon (Swamp:4)
  A ghost crab (Swamp:4)
  A spriggan air mage (Swamp:4)
  A boulder beetle (Spider:3)
  An occultist (Depths:3)
  An orb spider (Spider:4)
  A deep elf archer (Elf:2)
  2 deep elf zephyrmancers
  A wolf spider (Spider:4)
  A moth of wrath (Zot:4)
  An unseen horror (shapeshifter) (Elf:2)
  4 bloated husks
  A jumping spider (Spider:2)
  A slime creature (Slime:4)
  2 yaks (Lair:2)
  A redback (Spider:2)
  A wolf (Lair:2)
  A centaur (D:13)
  An ufetubus (Abyss:2)
  4 starspawn tentacles (Abyss:2)
32 creatures vanquished.

Grand Total: 2129 creatures vanquished

Notes
Turn   | Place    | Note
-------+----------+-------------------------------------------
     0 | D:5      | TheMeInTeam the Felid Delver began the quest for the Orb.
     0 | D:5      | Reached XP level 1. HP: 12/12 MP: 2/2
   295 | D:5      | Noticed a scorpion
   323 | D:5      | Reached XP level 2. HP: 16/16 MP: 3/3
   387 | D:5      | Noticed a scorpion
   412 | D:5      | Noticed an ogre
   955 | D:1      | Reached XP level 3. HP: 20/20 MP: 4/4
  1370 | D:2      | Found a faded altar of an unknown god.
  1380 | D:2      | Prayed at the altar of an unknown god.
  1380 | D:2      | Became a worshipper of Sif Muna the Loreminder
  1380 | D:2      | Reached * piety under Sif Muna
  1388 | D:2      | Noticed Natasha
  1669 | D:2      | Noticed Robin
  1840 | D:3      | Found a bloodstained altar of Trog.
  1879 | D:3      | Reached XP level 4. HP: 17/25 MP: 5/5
  1879 | D:3      | Gained a life (2 lives remaining)
  1937 | D:3      | Found a runed translucent door.
  1938 | D:3      | Noticed Crazy Yiuf
  1980 | D:3      | Found a broken altar of Ashenzari.
  2175 | D:3      | Noticed Jessica
  2355 | D:3      | Killed Jessica
  2747 | D:4      | Noticed an ogre
  2803 | D:4      | Noticed an ogre
  2830 | D:4      | Noticed an ogre
  2882 | D:3      | Reached XP level 5. HP: 27/29 MP: 6/6
  3161 | D:4      | Reached ** piety under Sif Muna
  3217 | D:5      | Noticed an ogre
  3219 | D:5      | Noticed a kobold demonologist
  3399 | D:5      | Reached skill level 1 in Shapeshifting
  3399 | D:5      | Gained mutation: You are covered in thick fur. (AC +2)
                  | [Felid growth]
  3399 | D:5      | Reached XP level 6. HP: 21/34 MP: 7/7
  3727 | D:5      | Noticed a red devil
  3751 | D:4      | Noticed a soul eater
  3867 | D:2      | Killed Robin
  4079 | D:2      | Found a shimmering blue altar of Sif Muna.
  4097 | D:2      | Killed Natasha
  4660 | D:2      | Noticed Natasha
  4748 | D:2      | Found a shimmering blue altar of Sif Muna.
  4885 | D:2      | Killed Natasha
  4998 | D:2      | Noticed Natasha
  5016 | D:2      | Killed Natasha
  5242 | D:5      | Noticed Sigmund
  5488 | D:5      | Reached skill level 5 in Fighting
  5488 | D:5      | Reached XP level 7. HP: 39/39 MP: 8/8
  5718 | D:6      | Noticed a steam dragon
  5759 | D:5      | Killed Sigmund
  6046 | D:5      | Reached skill level 5 in Dodging
  6266 | D:6      | Reached skill level 2 in Shapeshifting
  6302 | D:6      | Reached skill level 5 in Unarmed Combat
  6395 | D:6      | Found a staircase to the Ecumenical Temple.
  6510 | D:6      | Reached *** piety under Sif Muna
  6534 | D:6      | Reached XP level 8. HP: 39/44 MP: 9/9
  7070 | D:7      | Reached skill level 1 in Invocations
  7209 | D:7      | Found Apeof's Assorted Antiques.
  7214 | D:7      | Bought a scroll labelled FUETEU PEOBEWO for 20 gold pieces
  7214 | D:7      | Bought a blackened brass wand for 80 gold pieces
  7214 | D:7      | Bought a worn glass wand for 80 gold pieces
  7214 | D:7      | Bought a potion of curing for 60 gold pieces
  7686 | D:7      | Reached skill level 1 in Evocations
  8148 | D:7      | Reached skill level 3 in Shapeshifting
  8317 | D:7      | Noticed Duvessa
  8317 | D:7      | Noticed Dowan
  8399 | D:5      | Reached XP level 9. HP: 33/49 MP: 7/11
  8736 | D:3      | Noticed an orange demon
  8736 | D:3      | Killed a kobold demonologist
  8827 | D:5      | Found an ornate altar of the Wu Jian Council.
 11103 | D:9      | Reached XP level 10. HP: 47/56 MP: 11/13
 11168 | D:9      | Reached skill level 10 in Stealth
 11182 | D:8      | HP: 1/56 [yak (5)]
 11700 | D:9      | Reached skill level 4 in Shapeshifting
 11807 | D:9      | Found a staircase to the Orcish Mines.
 12002 | D:9      | Paralysed by a hornet for 3 turns
 12287 | D:3      | Killed Crazy Yiuf
 12595 | D:6      | Learned a level 2 spell: Jinxbite
 13098 | D:7      | Killed Duvessa
 13107 | D:7      | Killed Dowan
 13452 | D:8      | Found a runed translucent gate.
 13452 | D:8      | Found a runed translucent gate.
 13453 | D:8      | Found a runed translucent gate.
 13455 | D:8      | Noticed lunkers's ghost (novice CoBe)
 13458 | D:8      | Found a viscous altar of Jiyva.
 13677 | D:10     | Entered Level 10 of the Dungeon
 13991 | D:9      | Found a roughly hewn altar of Beogh.
 14065 | D:9      | Reached **** piety under Sif Muna
 15449 | D:10     | Found Edoziepil's Jewellery Emporium.
 15668 | D:10     | Reached XP level 11. HP: 51/62 MP: 12/15
 16064 | D:10     | Found a staircase to the Lair.
 16119 | Lair:1   | Entered Level 1 of the Lair of Beasts
 16145 | Lair:1   | Found a runed translucent gate.
 16145 | Lair:1   | Found a runed translucent gate.
 16147 | Lair:1   | Found a runed translucent gate.
 16290 | Lair:1   | Noticed zenocrate's ghost (journeyman OpEE)
 16462 | D:10     | Reached skill level 5 in Evocations
 16902 | Lair:1   | Reached skill level 5 in Invocations
 17219 | Lair:1   | Reached skill level 5 in Shapeshifting
 17613 | Lair:2   | Reached skill level 10 in Fighting
 18089 | Lair:2   | Reached skill level 10 in Unarmed Combat
 18293 | Lair:2   | Noticed an eight-headed hydra
 18578 | Lair:2   | HP: 3/63 [eight-headed hydra (3)]
 18578 | Lair:2   | Slain by an eight-headed hydra
 18578 | Lair:2   | Lost a life (1 life remaining)
 18604 | Lair:2   | Reached skill level 10 in Dodging
 18621 | Lair:1   | Gained mutation: Your thick and shaggy fur keeps you warm.
                  | (AC +3, rC+) [Felid growth]
 18621 | Lair:1   | Reached XP level 12. HP: 35/67 MP: 9/17
 18621 | Lair:1   | Gained a life (2 lives remaining)
 19586 | Lair:2   | Killed an eight-headed hydra
 20418 | Lair:3   | Reached skill level 6 in Shapeshifting
 20866 | Lair:3   | Found a transporter.
 20869 | Lair:3   | Noticed a seven-headed hydra
 21194 | Lair:3   | Found a hole to the Spider Nest.
 21552 | Lair:3   | Found a transporter.
 21571 | Lair:3   | Noticed Ted Jakhope's ghost (journeyman MfSh)
 21683 | Lair:3   | Noticed a boulder beetle
 21794 | Lair:3   | Noticed a five-headed hydra
 22082 | Lair:4   | Noticed Rupert
 22139 | Lair:4   | Noticed a five-headed hydra
 22946 | Lair:4   | Noticed an eight-headed hydra
 23300 | Lair:3   | Found a staircase to the Swamp.
 23412 | Lair:4   | Reached XP level 13. HP: 72/72 MP: 11/19
 23427 | Lair:4   | Found a viscous altar of Jiyva.
 23427 | Lair:4   | Found a staircase to the Slime Pits.
 23825 | Lair:4   | You are sucked into a shaft and drop 1 floor!
 23825 | Lair:5   | Entered Level 5 of the Lair of Beasts
 23849 | Lair:5   | Reached skill level 7 in Shapeshifting
 24064 | Lair:5   | HP: 3/72 [snapping turtle (21)]
 26705 | Lair:5   | HP: 1/72 [drowned by a drowned soul[a merfolk avatar] (3)]
 28221 | Lair:5   | Reached skill level 8 in Shapeshifting
 28582 | Lair:4   | Reached XP level 14. HP: 66/77 MP: 17/21
 29390 | D:9      | Found a staircase to the Orcish Mines.
 29935 | D:9      | Found a roughly hewn altar of Beogh.
 30060 | Orc:1    | Entered Level 1 of the Orcish Mines
 30546 | Orc:2    | Entered Level 2 of the Orcish Mines
 30546 | Orc:2    | Found Fihoriga's Jewellery Boutique.
 30929 | Orc:2    | Found a staircase to the Elven Halls.
 30936 | Orc:2    | Found Hetoumer's Antique Armour Shop.
 30947 | Orc:2    | Found a dark tunnel.
 31030 | Volcano  | Entered a volcano
 31263 | Volcano  | Found a burning altar of Makhleb.
 31298 | Volcano  | Noticed a stone giant
 31314 | Volcano  | Killed a stone giant
 31595 | Orc:2    | Found Siduetu's Antique Weapon Shop.
 31807 | Orc:1    | Found a radiant altar of Vehumet.
 32602 | Orc:2    | Noticed an orc warlord
 32739 | Orc:2    | Killed an orc warlord
 33172 | Orc:2    | Reached skill level 15 in Unarmed Combat
 33323 | Orc:2    | Found Besogonu's General Store.
 33332 | Orc:2    | Bought a potion of invisibility for 104 gold pieces
 33332 | Orc:2    | Bought a scroll of poison for 52 gold pieces
 33385 | Orc:2    | Reached skill level 10 in Invocations
 33536 | D:10     | Bought a dragon-blood talisman for 840 gold pieces
 33676 | D:8      | Killed lunkers's ghost
 33864 | D:10     | Found a staircase to the Lair.
 34467 | D:10     | Found Edoziepil's Jewellery Emporium.
 36153 | D:12     | Identified the +1 ring mail of Majestic Wonder {rN++
                  | Slay+2}
 36494 | D:12     | Reached skill level 9 in Shapeshifting
 36819 | D:13     | Reached XP level 15. HP: 83/83 MP: 23/23
 36990 | D:13     | Reached ***** piety under Sif Muna
 37017 | D:13     | Found a gate leading to a gauntlet.
 37035 | Gauntlet | Entered a Gauntlet
 37035 | Gauntlet | Found a transporter.
 37035 | Gauntlet | Found a transporter.
 37055 | Gauntlet | Found a transporter.
 37058 | Gauntlet | Found a transporter.
 37067 | Gauntlet | Found a transporter.
 37069 | Gauntlet | Found a transporter.
 37077 | Gauntlet | Found a transporter.
 37094 | Gauntlet | Found a transporter.
 37117 | Gauntlet | Found a transporter.
 37118 | Gauntlet | Found a transporter.
 37129 | Gauntlet | Found a transporter.
 37131 | Gauntlet | Found a transporter.
 37220 | Gauntlet | Identified the +1 pair of boots of the Hills {rPois Will+}
 37243 | Gauntlet | Identified the +4 trident of Past Mistakes {elec, rElec rN+
                  | rCorr Str+3}
 37285 | D:13     | Noticed Lodul
 37477 | D:13     | Found a gate to the Vaults.
 37817 | D:13     | Killed Lodul
 38480 | D:14     | Noticed AutarchDCSS's ghost (journeyman DrIE)
 38482 | D:14     | Found a bloodstained altar of Trog.
 38484 | D:14     | Found a transporter.
 38490 | D:14     | Found a transporter.
 38491 | D:14     | Identified the +11 glaive of Impermanence {drain, rElec rF+
                  | MP-9 Str+7}
 38578 | D:14     | Identified the +3 leather armour "Pycir" {rN+ Will+ Str-3}
 38706 | D:14     | Found a transporter.
 38709 | D:14     | Found a white marble altar of Elyvilon.
 38852 | D:14     | Found a transporter.
 39397 | D:15     | Entered Level 15 of the Dungeon
 40343 | D:15     | Reached skill level 15 in Dodging
 40480 | D:15     | Reached skill level 10 in Shapeshifting
 40691 | D:15     | Found a staircase to the Depths.
 43385 | Lair:4   | Killed Rupert
 43716 | Lair:4   | Found a staircase to the Slime Pits.
 43716 | Lair:4   | Found a viscous altar of Jiyva.
 43951 | Spider:1 | Entered Level 1 of the Spider Nest
 44092 | Spider:1 | Blown up by an orb spider
 44092 | Spider:1 | Lost a life (1 life remaining)
 44345 | Spider:1 | Reached skill level 11 in Shapeshifting
 44438 | Spider:1 | Reached XP level 16. HP: 78/90 MP: 24/24
 44438 | Spider:1 | Gained a life (2 lives remaining)
 44979 | Spider:1 | Identified the +1 leather armour of Quiet Fog {rF++ rN+
                  | rCorr}
 47264 | Spider:2 | Identified a scroll of acquirement
 47265 | Spider:2 | Acquired a manual of Shapeshifting
 47470 | Spider:2 | Reached skill level 12 in Shapeshifting
 50271 | Swamp:1  | Entered Level 1 of the Swamp
 50564 | Swamp:1  | Identified the +9 great sword "Jocwuat" {drain, +Blink rF+
                  | rC+ rN+}
 50610 | Swamp:1  | Reached skill level 13 in Shapeshifting
 51369 | Swamp:1  | Received a gift from Sif Muna
 52882 | Swamp:2  | Reached XP level 17. HP: 80/96 MP: 23/26
 53898 | Swamp:3  | Reached skill level 14 in Shapeshifting
 53931 | Swamp:3  | Found a runed translucent door.
 53933 | Swamp:3  | Noticed CrossHare's ghost (adept OnWr)
 53934 | Swamp:3  | Identified the +5 spear "Gyivum" {spect, rPois Str+6 Dex+2}
 54563 | Swamp:4  | Entered Level 4 of the Swamp
 54757 | Swamp:4  | Noticed a tentacled monstrosity
 55201 | Swamp:4  | Noticed a tentacled monstrosity
 55233 | Swamp:4  | Killed a tentacled monstrosity
 55651 | Swamp:4  | Noticed a tentacled monstrosity
 55663 | Swamp:4  | Killed a tentacled monstrosity
 55860 | Swamp:4  | Noticed Mlioglotl
 55877 | Swamp:4  | Killed Mlioglotl
 56671 | Swamp:4  | Reached skill level 15 in Shapeshifting
 57026 | Swamp:4  | Killed a tentacled monstrosity
 58191 | Swamp:4  | Noticed a tentacled monstrosity
 58204 | Swamp:4  | Killed a tentacled monstrosity
 58301 | Swamp:4  | Noticed a tentacled monstrosity
 58932 | Swamp:4  | Got a decaying rune of Zot
 59136 | Spider:4 | Entered Level 4 of the Spider Nest
 59653 | Orc:2    | Bought a ring of resist corrosion for 300 gold pieces
 60614 | D:10     | Bought a ring of positive energy for 280 gold pieces
 61472 | Spider:3 | Reached XP level 18. HP: 89/100 MP: 24/28
 63409 | Spider:4 | Reached skill level 16 in Shapeshifting
 63694 | Spider:4 | Got a gossamer rune of Zot
 64018 | Swamp:4  | Killed a tentacled monstrosity
 64784 | Elf:1    | Entered Level 1 of the Elven Halls
 64882 | Orc:2    | HP: 7/154 [+2 dire flail of protection (12)]
 65644 | Elf:1    | Found Kiehin's Armour Boutique.
 65762 | Elf:1    | Noticed Agnes
 65784 | Elf:1    | Killed Agnes
 65789 | Elf:1    | Reached skill level 15 in Fighting
 67580 | Elf:2    | Received a gift from Sif Muna
 67581 | Elf:2    | Got Heuwuvem's Parchment of Gloomy Clay {god gift}
 67807 | Elf:2    | Found a radiant altar of Vehumet.
 67885 | Elf:2    | Found Jiqywosu's Book Shop.
 68914 | Elf:2    | Found a huge runed translucent gate.
 68914 | Elf:2    | Found a huge runed translucent gate.
 68914 | Elf:2    | Found a huge runed translucent gate.
 68914 | Elf:2    | Found a huge runed translucent gate.
 68917 | Elf:2    | Found a huge runed translucent gate.
 69421 | Elf:2    | Reached XP level 19. HP: 100/108 MP: 20/29
 69732 | Elf:2    | Identified the serpent talisman of Amorality {rElec rC+}
 69732 | Elf:2    | Noticed Aizul
 69758 | Elf:1    | Killed Aizul
 70281 | Elf:3    | Entered Level 3 of the Elven Halls
 70869 | Elf:3    | Reached skill level 17 in Shapeshifting
 71178 | Elf:2    | Found a shimmering blue altar of Sif Muna.
 71894 | Elf:3    | Identified the +3 war axe of Departure {heavy, Str+5}
 72014 | Elf:3    | Identified the ring of Egalitarianism {+Blink rC+ Dex+6}
 72225 | Elf:3    | Identified the +0 robe of Going Fast {Rampage}
 72304 | Elf:3    | Noticed a Brimstone Fiend
 72759 | Abyss:2  | Cast into level 2 of the Abyss (a deep elf sorcerer)
 72773 | Abyss:2  | Noticed a bone dragon
 72793 | Abyss:2  | Killed a bone dragon
 73207 | Abyss:2  | Received a gift from Sif Muna
 73661 | Abyss:2  | Reached skill level 10 in Evocations
 73688 | Elf:3    | Escaped the Abyss
 73990 | Elf:3    | Identified the amulet "Xiegagh" {Spirit rElec Str+4 Int-4}
 74003 | Elf:3    | Identified the ring of Divine Intervention {rF+ Will+ rCorr
                  | MP+9}
 74387 | Elf:3    | Identified the +5 scale mail of Hangman {Dex+3}
 74898 | Elf:3    | Got Yghob's Tractate on the Ground
 75498 | Vaults:1 | Entered Level 1 of the Vaults
 75881 | Vaults:1 | Reached XP level 20. HP: 114/114 MP: 31/31
 75917 | Vaults:1 | Learned a level 1 spell: Magic Dart
 76122 | Vaults:1 | Reached skill level 1 in Spellcasting
 76184 | Vaults:1 | Reached skill level 1 in Conjurations
 77119 | Vaults:2 | Reached skill level 18 in Shapeshifting
 77148 | Vaults:2 | Noticed Sojobo
 77172 | Vaults:2 | Killed Sojobo
 77340 | Vaults:2 | Noticed Mennas
 77344 | Vaults:2 | Killed Mennas
 77965 | Vaults:2 | Identified the +7 shortbow of Tenacity {drain, rPois rCorr}
 77970 | Vaults:2 | Received a gift from Sif Muna
 78026 | Vaults:2 | Got Sif Muna's Spellbook of the Subterranean Band {god
                  | gift}
 78845 | Vaults:3 | Reached XP level 21. HP: 121/121 MP: 33/33
 79071 | Vaults:3 | Found a staircase to the Crypt.
 79299 | Vaults:3 | Reached skill level 15 in Invocations
 79435 | Vaults:3 | Got Tetsempului's Elucidation of Reconfigured Wildfire
 79640 | Vaults:3 | Found a white marble altar of Elyvilon.
 80001 | Vaults:4 | Received a gift from Sif Muna
 80002 | Vaults:4 | Got Sif Muna's Spellbook of Dark Confrontation {god gift}
 81371 | Depths:1 | Entered Level 1 of the Depths
 81410 | Depths:1 | Found a one-way gate leading to the halls of Pandemonium.
 81414 | Depths:1 | Reached skill level 19 in Shapeshifting
 81442 | Depths:1 | Found a one-way gate to the infinite horrors of the Abyss.
 81443 | Depths:1 | Found a one-way gateway to a ziggurat.
 81458 | Depths:1 | Reached skill level 5 in Spellcasting
 81473 | Depths:1 | You fall into a shaft and drop 1 floor!
 81581 | Depths:2 | Received a gift from Sif Muna
 81582 | Depths:2 | Got Pasafumn's Octavo of Distance and Chilblains {god gift}
 81710 | Depths:1 | Found a flickering gateway to a bazaar.
 81717 | Depths:1 | Found a gateway to Hell.
 81730 | Bazaar   | Entered a bazaar
 81770 | Bazaar   | Found Qybiedwi's Jewellery Shop.
 81784 | Bazaar   | Found Omizeec's Antique Armour Shop.
 82186 | Depths:1 | Found a glowing golden altar of the Shining One.
 82490 | Depths:2 | Identified the ring of the Sky {Ice Int+2}
 82490 | Depths:2 | Noticed Josephina
 82524 | Depths:2 | Killed Josephina
 82525 | Depths:2 | Reached XP level 22. HP: 120/127 MP: 34/34
 83211 | Depths:2 | Reached ****** piety under Sif Muna
 83211 | Depths:2 | Received a gift from Sif Muna
 83212 | Depths:2 | Got Sif Muna's Atlas of Frosty Bruises {god gift}
 83314 | Depths:2 | Found a basalt altar of Yredelemnul.
 83314 | Depths:2 | Noticed Jory
 83333 | Depths:2 | Killed Jory
 83450 | Depths:2 | Identified the ring of Konutol {rC- rCorr Int+3 Dex+2 SInv}
 83551 | Depths:2 | Noticed Vv
 83577 | Depths:2 | Killed Vv
 84344 | Depths:3 | Found a runed translucent door.
 84344 | Depths:3 | Noticed Jehehi's ghost (veteran DgCj)
 84379 | Depths:3 | Identified the +0 quarterstaff "Wuasois" {venom, Int+3}
 84423 | Depths:3 | Found a runed translucent door.
 84426 | Depths:3 | Found a runed translucent door.
 84428 | Depths:3 | Found a runed translucent door.
 84440 | Depths:3 | Noticed a caustic shrike
 84448 | Depths:3 | Killed a caustic shrike
 84454 | Depths:3 | Noticed a golden dragon
 84459 | Depths:3 | Identified the ring "Ytiunew" {Wiz rC- Dex+3 SInv}
 84460 | Depths:3 | Killed a golden dragon
 84465 | Depths:3 | Reached skill level 20 in Shapeshifting
 84487 | Depths:3 | Noticed a golden dragon
 84512 | Depths:3 | Killed a golden dragon
 84602 | Depths:3 | Identified the ring of Fuethy {rPois Will+ AC+4 SInv}
 84605 | Depths:3 | Identified the ring "Bilas" {Ice rElec Str+3}
 84612 | Depths:3 | Identified the ring of Gumuy {rC+ Will+ Int+2 Dex+3}
 84664 | Depths:3 | Noticed a caustic shrike
 84681 | Depths:3 | Killed a caustic shrike
 84681 | Depths:3 | Noticed a caustic shrike
 84686 | Depths:3 | Killed a caustic shrike
 84687 | Depths:3 | Noticed a caustic shrike
 84695 | Depths:3 | Killed a caustic shrike
 84952 | Depths:3 | Received a gift from Sif Muna
 84966 | Depths:3 | Got Woja App's Octavo of the Mob and the Sky {god gift}
 84986 | Depths:3 | Found a sparkling altar of Nemelex Xobeh.
 85166 | Depths:4 | Entered Level 4 of the Depths
 85463 | Depths:4 | Reached XP level 23. HP: 134/134 MP: 36/36
 85523 | Depths:4 | Found a gate to the Realm of Zot.
 85692 | Depths:4 | Identified the +5 bardiche "Concordance" {chaos, rElec}
 86494 | Slime:1  | Entered Level 1 of the Pits of Slime
 86754 | Slime:4  | Received a gift from Sif Muna
 86771 | Slime:4  | Reached skill level 21 in Shapeshifting
 86791 | Slime:4  | Got Wonwet's Essays on the Intense Mirage {god gift}
 87063 | Slime:5  | Entered Level 5 of the Pits of Slime
 87291 | Slime:5  | Received a gift from Sif Muna
 87292 | Slime:5  | Got Sif Muna's Lectures on the Missiles and the Mountains
                  | {god gift}
 87306 | Slime:5  | Noticed the Royal Jelly
 87644 | Slime:5  | Found a viscous altar of Jiyva.
 87703 | Slime:5  | the Royal Jelly changed into a rockslime shaped Royal Jelly
 87703 | Slime:5  | Noticed a rockslime shaped Royal Jelly
 87721 | Slime:5  | HP: 8/175 [rockslime shaped Royal Jelly (28)]
 87722 | Slime:5  | HP: 2/175 [acid blob/splash of acid[a rockslime shaped
                  | Royal Jelly] (6)]
 88187 | Slime:5  | Killed a rockslime shaped Royal Jelly
 88407 | Slime:5  | Identified the +1 arbalest of Eternal Vigilance {drain,
                  | *Slow rPois rF++ Stlth+}
 88474 | Slime:5  | Got a slimy rune of Zot
 89207 | Zot:1    | Entered Level 1 of the Realm of Zot
 89248 | Zot:1    | Noticed an orb of fire
 89252 | Zot:1    | Killed an orb of fire
 90483 | Zot:2    | Noticed a curse toe
 90502 | Zot:2    | Killed a curse toe
 90745 | Zot:2    | Identified the +2 chain mail of Nire {+Blink rF- SInv}
 90870 | Zot:2    | Reached XP level 24. HP: 141/141 MP: 36/36
 91474 | Zot:3    | Reached skill level 22 in Shapeshifting
 91943 | Zot:2    | Received a gift from Sif Muna
 93018 | Zot:3    | Found a shimmering blue altar of Sif Muna.
 93090 | Zot:4    | Noticed an orb of fire
 93185 | Zot:4    | Killed an orb of fire
 93793 | Zot:5    | Entered Level 5 of the Realm of Zot
 94254 | Zot:3    | Reached skill level 23 in Shapeshifting
 94700 | Zot:5    | Received a gift from Sif Muna
 94788 | Zot:5    | Noticed an orb of fire
 94792 | Zot:5    | Killed an orb of fire
 94793 | Zot:5    | Reached XP level 25. HP: 148/148 MP: 36/36
 94794 | Zot:5    | Noticed an ancient lich
 94799 | Zot:5    | Killed an ancient lich
 94799 | Zot:5    | Noticed an ancient lich
 94803 | Zot:5    | Noticed an orb of fire
 94805 | Zot:5    | Killed an orb of fire
 94807 | Zot:5    | Noticed an ancient lich
 94807 | Zot:5    | Noticed an ancient lich
 94807 | Zot:5    | Noticed a Killer Klown
 94807 | Zot:5    | Noticed a dread lich
 94807 | Zot:5    | Noticed an ancient lich
 94808 | Zot:5    | Noticed an ancient lich
 94808 | Zot:5    | Noticed an ancient lich
 94808 | Zot:5    | Noticed an orb of fire
 94813 | Zot:5    | Killed an ancient lich
 94818 | Zot:5    | Killed a dread lich
 94821 | Zot:5    | Noticed a Killer Klown
 94823 | Zot:5    | Noticed a dread lich
 94830 | Zot:5    | Killed an ancient lich
 94835 | Zot:5    | Killed a dread lich
 94842 | Zot:5    | Killed an ancient lich
 94859 | Zot:5    | Killed an ancient lich
 94861 | Zot:5    | Noticed an orb of fire
 94867 | Zot:5    | Killed an ancient lich
 94874 | Zot:5    | Gained mutation: You occasionally lose the ability to read
                  | scrolls when taking damage. [an orb of fire]
 95130 | Zot:5    | Gained mutation: You are dopey. (Int -2) [an orb of fire]
 95160 | Zot:5    | Reached skill level 24 in Shapeshifting
 95386 | Zot:5    | Killed an orb of fire
 95386 | Zot:5    | Gained mutation: Your magical capacity is low. (-10% MP)
                  | [an orb of fire]
 95390 | Zot:5    | Gained mutation: You are frail. (-10% HP) [an orb of fire]
 95393 | Zot:5    | Gained mutation: Your spells are a little easier to cast,
                  | but a little less powerful. [an orb of fire]
 95396 | Zot:5    | Gained mutation: You do not regenerate when monsters are
                  | visible. [an orb of fire]
 95406 | Zot:5    | Killed an orb of fire
 95556 | Zot:5    | Killed a Killer Klown
 96067 | Zot:5    | Killed an ancient lich
 96212 | Zot:5    | Killed a Killer Klown
 96673 | Zot:5    | Lost mutation: Your spells are a little easier to cast, but
                  | a little less powerful. [potion of mutation]
 96673 | Zot:5    | Lost mutation: You do not regenerate when monsters are
                  | visible. [potion of mutation]
 96673 | Zot:5    | Lost mutation: You are frail. (-10% HP) [potion of
                  | mutation]
 96673 | Zot:5    | Gained mutation: You are weak. (Str -2) [potion of
                  | mutation]
 96673 | Zot:5    | Gained mutation: You are strong-willed. (Will+) [potion of
                  | mutation]
 96674 | Zot:5    | Lost mutation: You are strong-willed. (Will+) [potion of
                  | mutation]
 96674 | Zot:5    | Lost mutation: You are weak. (Str -2) [potion of mutation]
 96674 | Zot:5    | Lost mutation: You are dopey. (Int -2) [potion of mutation]
 96674 | Zot:5    | Gained mutation: You are strong-willed. (Will+) [potion of
                  | mutation]
 96674 | Zot:5    | Lost mutation: You occasionally lose the ability to read
                  | scrolls when taking damage. [potion of mutation]
 96674 | Zot:5    | Gained mutation: You are highly strong-willed. (Will++)
                  | [potion of mutation]
 96675 | Zot:5    | Lost mutation: Your magical capacity is low. (-10% MP)
                  | [potion of mutation]
 96675 | Zot:5    | Lost mutation: You are highly strong-willed. (Will++)
                  | [potion of mutation]
 96675 | Zot:5    | Gained mutation: You are partially covered in iridescent
                  | scales. (AC +2) [potion of mutation]
 96703 | Zot:5    | Got the Orb of Zot
 97121 | D:9      | Noticed Tirerig the pandemonium lord
 97302 | D:$      | Escaped with the Orb!

Illustrated notes

Levels and vault maps discovered:
D:1:      psy_arrival_spokes, layout_rooms, hex_large
D:2:      layout_basic, serial_rivers, chequers_serial_rivers_small_a,
          chequers_serial_rivers_micro_a, chequers_serial_rivers_small_a,
          chequers_serial_rivers_micro_c, chequers_serial_rivers_room_b,
          hellmonk_ecumenical_altar_pennies_from_heaven, uniq_natasha,
          uniq_robin
D:3:      layout_rooms, mainiacjoe_overflow_big_doors, uniq_jessica,
          uniq_crazy_yiuf_cottage
D:4:      layout_rooms, eino_small_chamber_without_monster, minmay_ogre_servants
D:5:      layout_layer_cave, nzn_wu_jian_contemplation,
          minmay_chambers_of_fives, uniq_sigmund
D:6:      layout_rooms, minmay_temple_entry_arrows
D:7:      layout_gridville, serial_shops, nicolae_shop_real_fake_doors,
          kennysheep_generic_room_8, uniq_duvessa
D:8:      layout_loops_cross, gammafunk_ghost_ooze, nicolae_figureground_sparkle
D:9:      layout_gridville, erik_orc_1, special_room [special_room_orc]
D:10:     layout_stronghold, lair_entry_dummy, serial_shops, nicolae_shop_trees
D:11:     layout_roguey
D:12:     layout_layer_cave
D:13:     layout_big_octagon, david_vaults_2, gauntlet_entry_generic,
          kennysheep_generic_room_14, uniq_lodul
D:14:     layout_layer_cave, gammafunk_ghost_wrathful_warriors, elyvilon_altar_4
D:15:     hangedman_depths_entry_try_elsewhere_first, layout_irregular_city,
          minmay_misc_feat_enclosed, dk_noncrumbling_2, beargit_elvish_explorers
Lair:1:   layout_big_grid, ebering_ghost_rock_garden, beast_lair_carwin_8
Lair:2:   layout_chaotic_city
Lair:3:   layout_chaotic_city, palyth_hydra_swamp_entry,
          nicolae_spider_entry_tight_spaces, gammafunk_ghost_berserking_beasts,
          serial_bayou_crossing, lemuel_fruit_fields
Lair:4:   layout_roguey, minmay_slime_entry_pillars,
          grunt_forest_small_clearing_treed, grunt_megastairs_2, uniq_rupert
Lair:5:   gammafunk_lair_ancient_temple, layout_layer_cave, kennysheep_rathole
Swamp:1:  layout_basic_swamp, nicolae_swamp_little_tower, swamp_pool_1_2
Swamp:2:  layout_falls_marsh, nicolae_swamp_feature_on_the_river_bank
Swamp:3:  layout_falls_marsh, ebering_ghost_funeral_grove,
          nicolae_swamp_little_swirl
Swamp:4:  nzn_swamp_witches_coven, layout_basic_swamp, swamp_pool_1_2,
          uniq_mlioglotl
Spider:1: layout_spider_delve, nicolae_spider_bzzzt
Spider:2: layout_cave_pods, drop_trap
Spider:3: layout_spider_delve
Spider:4: hellmonk_spider_rune_endless_swarm
Slime:1:  layout_caves, nicolae_slime_barrier
Slime:2:  layout_caves
Slime:3:  layout_caves
Slime:4:  cheibrodos_slime_lost_civilization_1, layout_caves
Slime:5:  slime_pit_nicolae_inversion
Orc:1:    layout_diamond_mine, basic_altar
Orc:2:    grunt_orc_gardens, layout_caves, grunt_orc_garden, grunt_orc_garden,
          grunt_orc_garden, grunt_orc_garden, nicolae_volcano_entry_two_sided
Elf:1:    eino_elf_arrival_sip, layout_gridlike, serial_shops,
          nicolae_diamond_shop, guppyfry_library_mini,
          small_chamber_with_monster, serial_library_hellmonk_layered_room,
          uniq_agnes
Elf:2:    elven_hall_of_blades_hangedman_alternative
          [nicolae_blade_entry_floor_patterns], layout_gridlike, basic_altar,
          serial_corexii_hall, chequers_hall_statues_corner_a,
          chequers_hall_statues_corner_a, corexii_hall_statues_u, serial_shops,
          nicolae_take_the_stairs, minivault_4, minmay_misc_feat_ornament,
          lemuel_upstairs_altar, uniq_aizul
Elf:3:    grunt_elf_hall_branching, layout_loops_cross
Vaults:1: vaults_mumra_minichess, nicolae_vaults_twisting_passages,
          ontoclasm_vaults_ligature, nicolae_vaults_little_squares_4,
          nicolae_vaults_sealed_display, nicolae_vaults_trapezoid_2,
          nicolae_vaults_sesquioval_fish, nicolae_vaults_variable_pillar_hall,
          layout_vaults_omnigrid
Vaults:2: lemuel_ogre_cave, nicolae_vaults_border_crossing, v_misc_33,
          hangedman_vaults_stream, vaults_mumra_hex,
          nicolae_vaults_mini_display_case, ontoclasm_vaults_eye, v_misc_8,
          nicolae_vaults_little_squares_4, nicolae_vaults_house_1,
          layout_vaults_omnicross, uniq_mennas, uniq_sojobo
Vaults:3: v_misc_2, ontoclasm_vaults_ring_small, minmay_crypt_entry_vampire_xt,
          ontoclasm_vaults_gateway, hangedman_vaults_pinch,
          vaults_dpeg_emergency_exit, nicolae_vaults_diamond_2,
          lemuel_angel_altar, serial_ice_h, nicolae_vaults_trapezoid_lopsided_2,
          nicolae_vaults_network_square, layout_vaults_maze_snakey
Vaults:4: v_misc_23, nicolae_vaults_closet_pinwheel_1,
          nicolae_vaults_loss_of_containment, nicolae_vaults_little_squares_1,
          v_misc_8, grunt_vaults_hallway_short,
          nicolae_vaults_trapezoid_lopsided_2, nicolae_vaults_specimen_jars,
          nicolae_vaults_triangles, vaults_room_pool, nicolae_vaults_cochlea,
          nicolae_vaults_two_Ls, vaults_standard_mumra_x, layout_vaults_omnibox
Depths:1: layout_cave_pools, enter_ziggurat_a, serial_shops, bzr_entry_water,
          abyss_entry, rand_demon_pan_entry_1, hell_entry, drop_trap,
          kennysheep_decorative_pillar, nicolae_tso_swordbearing_angel
Depths:2: lemuel_vampire_tower, layout_gridlike, mu_enter_wizlab_1,
          infiniplex_staircase_pool_lava, hangedman_geh_valley,
          rand_demon_pan_entry_3, minmay_fractal_squares_diagonal_5, uniq_vv,
          uniq_josephina
Depths:3: minmay_the_grid_triangle_9x9_line_8_mashed
          [minmay_the_grid_triangle_9x9_alien,
          minmay_the_grid_triangle_9x9_limited_checkers,
          minmay_the_grid_triangle_9x9_corruption,
          minmay_the_grid_triangle_9x9_sprig,
          minmay_the_grid_triangle_9x9_empty,
          minmay_the_grid_triangle_9x9_fully_insulated_deathbox,
          minmay_the_grid_triangle_9x9_zippers_vertical,
          minmay_the_grid_triangle_9x9_prize_special], layout_long_grid,
          nemelex_spade_bored_becter, hangedman_abyss_entry_splay, hell_entry,
          hellmonk_ghost_happy_afterlife, minmay_staircase_statues_hall_small
Depths:4: grunt_x_marks_the_spot, layout_basic, rand_demon_pan_entry_7,
          hangedman_coc_ice_floe, minmay_misc_feat_room
Zot:1:    layout_twisted_circle
Zot:2:    layout_cathedral_of_symmetry
Zot:3:    kennysheep_oblong_rooms, layout_onion_interference,
          regret_index_zotdec_magical_s, st_single_dragon_hoard_1,
          zot_minivault_1
Zot:4:    layout_basic, bh_zot_levy_curve, regret_index_zotdec_banners
Zot:5:    layout_twisted_circle

Skill      XL: |  1  2  3  4  5  6  7  8  9 10 11 12 13 14 15 16 17 18 19 20 21 22 23 24 25 |
---------------+----------------------------------------------------------------------------+-----
Dodging        | 3 4 5 6 7 8 10 11 13 14 15 17 18 19 20 21 22 | 22.0
Stealth        | 7 8 9 10 | 10.0
Unarmed Combat | 3 4 5 6 7 8 10 12 13 15 16 17 18 19 20 | 20.0
Fighting       | 4 5 6 8 9 10 11 12 13 14 15 16 17 18 19 20 21 | 21.8
Shapeshifting  | 1 2 3 4 5 6 8 9 11 13 15 16 17 18 19 20 21 23 24 | 24.6
Invocations    | 1 3 4 6 7 9 10 11 12 13 14 15 16 | 16.0
Evocations     | 1 3 4 6 8 10 | 10.0
Spellcasting   | 3 5 6 |  6.0
Conjurations   | 3 4 |  4.0

Action                     |  1- 3 |  4- 6 |  7- 9 | 10-12 | 13-15 | 16-18 | 19-21 | 22-24 | 25-27 || total
---------------------------+-------+-------+-------+-------+-------+-------+-------+-------+-------++-------
  Melee: Unarmed           |    92 |   190 |   373 |   870 |  1567 |  1640 |  1636 |  1725 |   302 ||  8395
         Bite              |     8 |    21 |    47 |   144 |   291 |   251 |   210 |   394 |    75 ||  1441
         Punch             |     1 |     5 |    21 |    76 |   215 |   225 |   193 |   332 |    57 ||  1125
         Tailslap          |       |       |       |       |       |    65 |     4 |       |       ||    69
         Constrict         |       |       |       |       |       |       |   100 |       |       ||   100
   Cast: Discord           |       |       |       |     1 |     1 |       |       |     1 |       ||     3
         Enfeeble          |       |       |       |     2 |       |       |       |       |       ||     2
         Yara's Violent Un |       |       |       |       |     1 |       |       |       |       ||     1
         Jinxbite          |       |       |       |       |     1 |       |       |       |       ||     1
         Haunt             |       |       |       |       |     2 |     2 |       |       |       ||     4
         Magic Dart        |       |       |       |       |       |       |     3 |       |       ||     3
         Maxwell's Capacit |       |       |       |       |       |       |     1 |     2 |     1 ||     4
         Dragon's Call     |       |       |       |       |       |       |       |     1 |       ||     1
 Invoke: Channel Magic     |       |       |     3 |    14 |    30 |    16 |     2 |     2 |     3 ||    70
         Divine Exegesis   |       |       |       |     3 |     4 |     2 |     1 |     4 |     1 ||    15
Ability: Breathe Fire      |       |       |       |       |       |    16 |     1 |       |       ||    17
         Evoke Blink       |       |       |       |       |       |       |       |       |     1 ||     1
  Evoke: Wand              |       |       |    12 |    15 |     8 |    21 |       |    11 |     3 ||    70
         Condenser vane    |       |       |       |       |     1 |     5 |     3 |     6 |     1 ||    16
         Gell's gravitambo |       |       |       |       |       |     3 |     3 |     6 |     1 ||    13
    Use: Scroll            |     3 |     5 |     7 |    10 |    14 |     9 |     2 |    10 |     5 ||    65
         Potion            |     1 |     3 |     7 |     5 |    13 |    12 |     4 |     2 |    13 ||    60
   Stab: Sleeping          |    12 |     9 |     7 |    14 |    23 |    18 |    27 |    19 |       ||   129
         Distracted        |     1 |       |     1 |     2 |    11 |    12 |     7 |     4 |     2 ||    40
         Invisible         |       |       |       |     2 |     2 |     4 |       |       |       ||     8
         Confused          |       |       |       |       |       |     1 |       |       |       ||     1
 Armour: Skin              |    25 |    69 |   115 |   274 |   383 |   678 |   586 |   827 |   122 ||  3079
  Dodge: Dodged            |    66 |   117 |   314 |   794 |  1545 |  1730 |  2617 |  4065 |   496 || 11744
   Form: Beast             |       |     1 |       |     1 |     1 |       |       |       |       ||     3
         Serpent           |       |       |       |     1 |     2 |       |     1 |       |       ||     4
         Blade             |       |       |       |       |     2 |     1 |       |       |       ||     3
         Dragon            |       |       |       |       |       |     2 |     1 |       |       ||     3
         Statue            |       |       |       |       |       |       |     1 |       |       ||     1

Table legend: (Time is in decaauts)
 A = Elapsed time spent in this place.
 B = Non-inter-level travel time spent in this place.
 C = Inter-level travel time spent in this place.
 D = Time resting spent in this place.
 E = Time spent auto-exploring this place.
 F = Levels seen in this place.
 G = Mean time per level.
                   A        B        C        D        E       F      G
               +--------+--------+--------+--------+--------+-----+--------+
         Total | 105912 |  97371 |   8541 |  21260 |  48360 |  55 | 1925.7 |
       Dungeon |  27650 |  23680 |   3970 |   4115 |  11795 |  15 | 1843.3 |
          Lair |  15094 |  13412 |   1682 |   4290 |   4628 |   5 | 3018.8 |
         Swamp |   9400 |   9053 |    347 |   4077 |   2684 |   4 | 2350.0 |
   Spider Nest |  10074 |   9581 |    493 |   2700 |   4716 |   4 | 2518.5 |
    Slime Pits |   3456 |   3326 |    130 |    723 |   1299 |   5 |  691.2 |
  Orcish Mines |   2995 |   2835 |    160 |    574 |   1360 |   2 | 1497.5 |
   Elven Halls |   9193 |   8790 |    403 |   2476 |   4497 |   3 | 3064.3 |
        Vaults |   8247 |   7854 |    393 |    335 |   5652 |   4 | 2061.8 |
        Depths |   7202 |   6761 |    441 |    279 |   4462 |   4 | 1800.5 |
           Zot |  10847 |  10329 |    518 |   1040 |   7023 |   5 | 2169.4 |
         Abyss |    897 |    897 |      0 |    428 |      0 |   1 |  897.0 |
        Bazaar |    118 |    118 |      0 |      0 |    109 |   1 |  118.0 |
       Volcano |    514 |    514 |      0 |    220 |      0 |   1 |  514.0 |
      Gauntlet |    222 |    222 |      0 |      0 |    132 |   1 |  222.0 |
               +--------+--------+--------+--------+--------+-----+--------+

Top non-repeatable levels by time:
 Swamp:4: 4764 daAuts
     D:9: 4507 daAuts
  Lair:5: 4066 daAuts
   Elf:2: 3964 daAuts
   Zot:5: 3398 daAuts
  Lair:2: 3258 daAuts
  Lair:3: 3037 daAuts
Spider:2: 3026 daAuts
  Lair:4: 2912 daAuts
   Zot:2: 2859 daAuts
   Elf:3: 2843 daAuts
    D:10: 2785 daAuts
    D:15: 2765 daAuts
Vaults:2: 2646 daAuts
Depths:2: 2623 daAuts
